Map: Lost and Found LE

Players

Nerchio

  • Race: Zerg Zerg
  • Spawn Location: 1:00

Reynor - Winner!

  • Race: Zerg Zerg
  • Spawn Location: 7:00

Event: WCS Valencia 2018

VOD

Have the link to the VOD?

Description

Time

  • Played on: July 12, 2018, 7:19 a.m.
  • Length: 7:24

All games in this series

Show
View Real Time Build Order
Export as new Build Order

Nerchio Zerg 

Build Orders: Hatch First 

Get SALT Encoding   

  12  0:00  Drone  
  13  0:13  Overlord  
  13  0:16  Drone  
  14  0:31  Drone x2  
  16  0:49  Hatchery  
  15  0:52  Drone  
  15  0:55  Drone  
  17  0:58  Drone  
  18  1:09  Extractor  
  17  1:14  Spawning Pool  
  17  1:17  Drone  
  17  1:20  Drone  
  18  1:28  Drone  
  19  1:39  Overlord  
  19  1:50  Drone  
  20  2:01  Zergling x2, Queen x2  
  22  2:02  Drone  
  26  2:09  Metabolic Boost  
  26  2:12  Drone  
  26  2:14  Drone  
  28  2:22  Drone x2  
  30  2:37  Hatchery  
  30  2:43  Baneling Nest, Drone  
  29  2:46  Drone  
  29  2:48  Drone  
  29  2:50  Drone  
  32  2:54  Overlord  
  32  2:58  Zergling x2  
  33  3:03  Queen  
  35  3:07  Zergling x2  
  36  3:13  Zergling x6  
  36  3:15  Zergling x2  
  36  3:18  Zergling x2  
  36  3:19  Zergling x2  
  42  3:25  Overlord  
  42  3:29  Baneling x2  
  42  3:34  Overlord  
  42  3:40  Overlord  
  42  3:41  Zergling x2  
  42  3:42  Zergling x2  
  42  3:46  Zergling x6  
  42  3:47  Baneling  
  47  3:49  Zergling x2  
  47  3:50  Zergling x2  
  47  3:55  Zergling x4  
  50  4:04  Drone x2  
  50  4:05  Drone  
  50  4:07  Baneling x4  
  53  4:11  Overlord  
  53  4:13  Drone  
  53  4:15  Drone  
  51  4:26  Drone x3  
  51  4:27  Drone x3  
  51  4:30  Drone x2  
  59  4:32  Drone  
  59  4:38  Drone x3  
  62  4:43  Extractor  
  62  4:44  Roach Warren  
  61  4:47  Extractor  
  63  5:02  Overlord  
  63  5:12  Overlord  
  62  5:24  Roach x9  
  62  5:25  Roach  
  62  5:27  Roach  
  83  5:30  Roach x2  
  83  5:33  Roach  
  83  5:35  Roach  
  86  5:37  Roach  
  86  5:38  Overlord  
  88  5:45  Zergling x4  
  90  5:50  Zergling x12  
  90  5:54  Zergling x4  
  90  5:56  Zergling x2  
  95  5:59  Zergling x6  
  95  6:02  Zergling x6  
  96  6:08  Ravager  
  96  6:09  Ravager x2  
  96  6:10  Zergling x4  
  101  6:12  Zergling x2  
  102  6:19  Overlord  
  102  6:21  Baneling x5  
  102  6:22  Zergling x6  
  104  6:29  Zergling x2  
  97  6:33  Zergling x12  
  97  6:35  Ravager  
  97  6:37  Zergling x2  
  97  6:39  Zergling x4  
  90  6:42  Zergling x2  
  90  6:45  Zergling x2  
  83  6:47  Zergling x4  
  83  6:48  Zergling x2  
  83  6:53  Zergling x6  
  86  6:57  Zergling x4  
  86  6:58  Zergling x2  
  86  6:59  Ravager  
  83  7:02  Zergling x4  
  83  7:05  Roach  
  83  7:06  Ravager  
  80  7:09  Drone  
  80  7:10  Drone  
Show
View Real Time Build Order
Export as new Build Order

Reynor Zerg - Winner!

Build Orders: Hatch First 

Get SALT Encoding   

  12  0:00  Drone  
  13  0:12  Overlord  
  13  0:17  Drone  
  14  0:30  Drone x2  
  16  0:47  Hatchery  
  15  0:51  Drone  
  15  0:54  Drone  
  17  0:58  Drone  
  18  1:08  Extractor  
  17  1:14  Spawning Pool  
  17  1:17  Drone  
  17  1:21  Drone  
  18  1:27  Drone  
  19  1:39  Overlord  
  19  1:49  Drone  
  20  2:00  Queen x2  
  24  2:01  Drone  
  24  2:03  Drone  
  26  2:14  Drone x2  
  28  2:18  Metabolic Boost  
  28  2:32  Zergling x4  
  28  2:33  Zergling x2  
  31  2:39  Hatchery  
  31  2:43  Drone  
  31  2:47  Overlord  
  31  2:49  Drone  
  32  2:53  Drone  
  32  2:54  Drone  
  34  3:01  Queen  
  36  3:05  Drone  
  36  3:10  Baneling Nest  
  36  3:13  Drone  
  36  3:14  Drone  
  36  3:16  Overlord  
  38  3:20  Overlord  
  38  3:28  Zergling x4  
  38  3:29  Zergling x2  
  38  3:31  Zergling x4  
  42  3:36  Zergling x2  
  42  3:40  Zergling x6  
  46  3:42  Zergling x2  
  46  3:44  Zergling x2  
  47  3:51  Zergling x6  
  47  3:54  Baneling  
  47  3:55  Baneling x2  
  49  3:57  Zergling x4  
  51  4:03  Overlord  
  51  4:05  Drone x2  
  53  4:13  Evolution Chamber  
  53  4:15  Overlord, Drone  
  53  4:17  Drone  
  53  4:19  Baneling  
  54  4:27  Drone x5  
  54  4:29  Drone  
  60  4:34  Drone x2  
  60  4:36  Drone  
  60  4:38  Drone  
  63  4:43  Zerg Missile Weapons Level 1  
  63  4:46  Drone x3  
  63  4:48  Drone  
  63  4:51  Zergling x4  
  63  4:52  Zergling x2  
  65  4:54  Drone  
  65  4:55  Drone  
  65  4:57  Drone  
  65  4:59  Extractor, Drone  
  68  5:05  Zergling x2, Roach Warren  
  68  5:08  Drone  
  68  5:11  Drone  
  70  5:14  Overlord  
  70  5:15  Drone x2  
  70  5:16  Drone x2  
  74  5:21  Overlord  
  74  5:28  Overlord  
  73  5:33  Extractor, Spine Crawler  
  73  5:35  Spine Crawler  
  69  5:39  Overlord  
  69  5:46  Roach  
  69  5:47  Roach x7  
  85  5:51  Roach  
  85  5:54  Zergling x4  
  85  5:55  Zergling x6  
  88  6:05  Roach x3  
  88  6:08  Queen  
  88  6:10  Zergling x8  
  100  6:13  Roach  
  102  6:19  Roach x2  
  105  6:32  Roach x3  
  103  6:36  Roach  
  103  6:38  Roach  
  91  6:40  Roach  
  91  6:44  Roach  
  91  6:45  Zergling x4  
  98  6:48  Roach  
  98  6:52  Zergling x2  
  99  6:57  Roach  
  99  6:58  Roach  
  90  7:13  Extractor  
  90  7:15  Ravager  
Tags
 
Add a new tag
Caveats
  • Supply blocks, unpowered buildings, or Contaminate may cause inaccurate times.
  • Supply counts are checked every 10 seconds.